 Dungeon Crawl Stone Soup version 0.28-a0-1143-gcf6077d4cc (webtiles) character file.

Game seed: 14825639606861810067

201 funkygono the Firebug (level 5, -7/28 HPs)
             Began as a Gargoyle Fire Elementalist on Dec 13, 2021.
             Killed from afar by Ijyb (35 damage)
             ... with a bolt of acid
             ... on level 3 of the Dungeon.
             The game lasted 00:04:23 (3659 turns).

funkygono the Firebug (Gargoyle Fire Elementalist)  Turns: 3659, Time: 00:04:24

Health: -7/28      AC:  6    Str: 12    XL:     5   Next: 79%
Magic:  8/10       EV: 12    Int: 17    God:
Gold:   111        SH:  0    Dex: 10    Spells: 5/11 levels left

rFire   . . .      SeeInvis .   c - +0 flail
rCold   . . .      Faith    .   (no shield)
rNeg    + . .      Spirit   .   a - +0 robe
rPois   ∞          Reflect  .   (no helmet)
rElec   +          Harm     .   (no cloak)
rCorr   .          Rampage  .   (no gloves)
Will    .....                   (no boots)
Stlth   ++........              (no amulet)
HPRegen 0.09/turn               (no ring)
MPRegen 0.12/turn               (no ring)

@: no status effects
A: sickness immunity, AC +4, negative energy resistance 1, electricity
resistance, torment resistance 1, petrification resistance
a: no special abilities


You were on level 3 of the Dungeon.
You visited 1 branch of the dungeon, and saw 3 of its levels.

You collected 111 gold pieces.

Inventory:

Hand Weapons
 c - a +0 flail (weapon)
 d - a +0 whip
Missiles
 i - 29 stones
Armour
 a - a +0 robe (worn)
Jewellery
 b - an amulet of faith
Wands
 g - a wand of polymorph (7)
Scrolls
 e - a scroll of amnesia
 j - a scroll of identify {unknown}
 k - 3 scrolls of enchant armour {unknown}
Potions
 f - a potion of cancellation {unknown}
 h - 2 potions of lignification {unknown}


   Skills:
 + Level 0.1 Fighting
 + Level 0.7 Maces & Flails
 + Level 1.7 Dodging
 - Level 2.1 Stealth
 * Level 3.7 Spellcasting
 * Level 2.2 Conjurations
 * Level 4.5 Fire Magic


You had 5 spell levels left.
You knew the following spells:

 Your Spells              Type           Power      Damage    Failure   Level
a - Foxfire               Conj/Fire      56%        2x1d6     4%          1
b - Scorch                Fire           36%        2d7       3%          2
c - Conjure Flame         Conj/Fire      14%        6-21      12%         3

Your spell library contained the following spells:

 Spells                   Type           Power      Damage    Failure   Level
 Inner Flame              Hex/Fire       10%        N/A       19%         3
 Flame Wave               Conj/Fire      14%        2d5       38%         4


Dungeon Overview and Level Annotations

Branches:
Dungeon (3/15)

Altars:
Zin

Shops:
D:1 =

Annotations:
D:3 Ijyb


Innate Abilities, Weirdness & Mutations

You are immune to sickness and miasma.
Your stone body is resilient. (AC +4)
You are immune to poison.
You resist negative energy. (rN+)
You are resistant to electric shocks. (rElec)
You are resistant to unholy torment.
You are immune to petrification.


Message History

A ball python comes into view.
Found a stone staircase leading down.
The ball python hisses angrily.
Casting: Foxfire (safe; 4% risk of failure)
Confirm with . or Enter, or press ? or * to list all spells.
You miscast Foxfire.
You are very lightly contaminated with residual magic.
Nothing appears to happen.
The ball python bites you. The ball python grabs you.
The ball python constricts you.
You hit the ball python.
The ball python is severely wounded.
The ball python bites you. The ball python constricts you.
The ball python bites you. The ball python constricts you.
You closely miss the ball python.
The ball python is severely wounded.
The ball python bites you. The ball python constricts you.
Casting: Foxfire (safe; 4% risk of failure)
Confirm with . or Enter, or press ? or * to list all spells.
Flames lash the ball python.
You kill the ball python!
Unknown command.
Your magical contamination has completely faded away.
HP restored.
You see here a ball python corpse.
Ijyb the Twisted Goblin comes into view.
She is wielding a +0 club and carrying a wand of acid (8).
Ijyb shouts!
Found an escape hatch in the floor.
There is an open door here.
Ijyb zaps a wand.
The bolt of acid misses you.
Casting: Scorch (safe; 3% risk of failure)
Confirm with . or Enter, or press ? or * to list all spells.
You conjure some foxfire!
Casting: Foxfire (safe; 4% risk of failure)
Confirm with . or Enter, or press ? or * to list all spells.
You conjure some foxfire!
The foxfire hits Ijyb but does no damage. x2
Ijyb zaps a wand.
The bolt of acid hits your foxfire!! The acid corrodes your foxfire!
The bolt of acid hits you!!
Ouch! That really hurt!
You die...

#.# ##.....## #######.#
##..>....###.....†.#
###.........##.#.>.###
.'.........'.......####
#.........##.#........
#...g...# #.#..#####.
#.....# #.#.######.
#§@v# #.......##. ##§##
###........ #.#
#####.### #.######
####.# ##.##... ..##.#
##...#.# #.##.#
#......# #.##.#
##...#.# #.##.#
#.####.##.######.##.#


You could see Ijyb (ally target).

Vanquished Creatures
  Pargi (D:3)
  A hound skeleton (D:3)
  4 gnolls
  An adder (D:2)
  2 worms
  A dart slug (D:1)
  An orc (D:3)
  7 bats
  2 giant cockroaches
  4 goblins
  4 hobgoblins (D:1)
  4 jackals (D:2)
  2 kobolds
  2 quokkas (D:1)
  7 ball pythons
  A frilled lizard (D:2)
  4 rats
48 creatures vanquished.

Vanquished Creatures (others)
  165 foxfires
165 creatures vanquished.

Grand Total: 213 creatures vanquished

Notes
Turn   | Place    | Note
-------+----------+-------------------------------------------
     0 | D:1      | funkygono the Gargoyle Fire Elementalist began the quest
                  | for the Orb.
     0 | D:1      | Reached XP level 1. HP: 10/10 MP: 3/3
   476 | D:1      | Reached XP level 2. HP: 15/15 MP: 1/5
   479 | D:1      | Learned a level 2 spell: Scorch
   896 | D:1      | Found Xuselure's Jewellery Emporium.
   907 | D:1      | Reached XP level 3. HP: 19/19 MP: 2/6
  1914 | D:2      | Reached XP level 4. HP: 22/24 MP: 3/8
  1971 | D:2      | Found a glowing silver altar of Zin.
  2041 | D:2      | Reached skill level 4 in Fire Magic
  2781 | D:2      | Learned a level 3 spell: Conjure Flame
  3120 | D:3      | Noticed Pargi
  3131 | D:3      | Killed Pargi
  3132 | D:3      | Reached XP level 5. HP: 24/28 MP: 0/10
  3655 | D:3      | Noticed Ijyb
  3659 | D:3      | Killed from afar by Ijyb

Illustrated notes

Levels and vault maps discovered:
D:1:      wander_arrival_chamber, layout_loops_corners, serial_shops,
          nicolae_shop_trees
D:2:      minmay_angry_zag, layout_loops_ring, basic_altar
D:3:      layout_loops_corners, chequers_ecumenical_altar_island,
          minmay_misc_feat_tower, uniq_grinder, uniq_pargi, uniq_ijyb

Skill      XL: |  1  2  3  4  5 |
---------------+----------------+-----
Spellcasting   | 3 |  3.7
Fire Magic     | 4 |  4.5
Conjurations   | 2 |  2.2
Fighting       | |  0.1
Maces & Flails | |  0.7
Dodging        | |  1.7
Stealth        | |  2.1

Action                   |  1- 3 |  4- 6 || total
-------------------------+-------+-------++-------
Melee: Unarmed           |     2 |       ||     2
       Whip              |     5 |       ||     5
       Flail             |       |    11 ||    11
 Cast: Foxfire           |    44 |    50 ||    94
       Scorch            |     7 |    13 ||    20
  Use: Scroll            |     1 |     1 ||     2
Armor: Robe              |    10 |    16 ||    26
Dodge: Dodged            |    15 |    28 ||    43

Table legend: (Time is in decaauts)
 A = Elapsed time spent in this place.
 B = Non-inter-level travel time spent in this place.
 C = Inter-level travel time spent in this place.
 D = Time resting spent in this place.
 E = Time spent auto-exploring this place.
 F = Levels seen in this place.
 G = Mean time per level.
                   A        B        C        D        E       F      G
               +--------+--------+--------+--------+--------+-----+--------+
         Total |   3666 |   3621 |     45 |    373 |   2814 |   3 | 1222.0 |
       Dungeon |   3666 |   3621 |     45 |    373 |   2814 |   3 | 1222.0 |
               +--------+--------+--------+--------+--------+-----+--------+

Top non-repeatable levels by time:
     D:1: 1890 daAuts
     D:2: 1181 daAuts
     D:3: 594 daAuts
